Unix NetHack Version 5.0.0-0 post-release - last build May 10 2026 23:12:36 (d1fa5d53e341ca933230fdaa984d921c805b60aa,branch:main).

Game began 2026-05-11 23:22:43, ended 2026-05-12 00:39:22.

Ackbladder, neutral female gnomish Wizard

                      -----------
                      |.....>`.^-#
                      |.........|##
                      ------.---- #
       ------             ###     #
       |...`.#################    #
       |...(|                     #
       |....|                     ##       ---
       |.....##                    #r      ..|
       |....| #####  -------+--.--  ##### ...|
       ------     ###....<........ ##   '|...|
                     |...........|      #@..l|
                     |...........|       |...|
                     |...........|        ...|
                     |......._...|        ----
                     |....(......|
                     -------------

Ackbladder the Thaumaturge  St:25 Dx:14 Co:18 In:19 Wi:13 Ch:10  Neutral
Dlvl:6  $:199 HP:0(57) Pw:64(81) AC:3  Xp:8 T:13997  Weak     Burdened

Latest messages:
 You put an uncursed potion of extra healing into the sack.
 You put 3 uncursed diluted potions of invisibility into the sack.
 You put a potion of holy water into the sack.
 You put an uncursed +1 ring of adornment into the sack.
 You put an uncursed ring of cold resistance into the sack.
 You put an uncursed looking glass into the sack.
 You hear the tones of courtly conversation.
 Someone shouts "Off with her head!"
 You are beginning to feel hungry.
 You stop searching.
 You are carrying too much to get through.
 You find a hidden passage.
 You see here a chest.
 You hear a sceptre pounded in judgment.
 You have a little trouble removing Y - a murky potion.
 d - a potion called dark green $25.
 Something is written here in the dust.
 You read: "\l?d v?? here".
 There's some graffiti on the floor here.
 You read: "They say  h?? ycu c n't brea| ?n amulet of rc?lection."
 You see here 6 gold pieces.
 You have a little trouble lifting $ - 6 gold pieces (199 in total).
 The door opens.
 You feel a wrenching sensation.
 Wizard needs food, badly!
 You are carrying too much to get through.
 You find a hidden passage.
 In what direction? 6
 The sleep ray hits the leprechaun.
 The sleep ray bounces!
 The sleep ray hits the leprechaun.
 The sleep ray hits you!
 The rope golem hits!
 The rope golem hits again!
 The rope golem grabs you!
 The rope golem hits!
 The rope golem hits again!
 You are being choked.
 The rope golem hits!
 The rope golem hits again!
 You are being choked.
 The rope golem hits!
 The rope golem hits again!
 You are being choked.
 The rope golem hits!
 The rope golem hits again!
 You are being choked.
 You die...
 Do you want your possessions identified? [ynq] (y) y
 Do you want to see your attributes? [ynq] (y) q

Inventory:
 Coins    ('$')
  $ - 199 gold pieces
 Weapons  (')')
  X - a +0 elven dagger (at the ready)
  w - the rustproof +1 Magicbane (weapon in right hand)
  a - a blessed +2 quarterstaff
 Armor    ('[')
  q - an uncursed +0 helm of telepathy (being worn)
  P - an uncursed +0 pair of gauntlets of power (being worn)
  v - an uncursed +0 pair of leather gloves
  l - an uncursed +0 pair of elven boots
  D - an uncursed +0 pair of jumping boots (being worn)
  b - an uncursed +0 cloak of magic resistance (being worn)
 Comestibles  ('%')
  m - an uncursed food ration
  E - an uncursed tripe ration
 Potions  ('!')
  d - an uncursed potion of healing
  Y - an uncursed potion of oil
 Rings    ('=')
  p - an uncursed ring of poison resistance (on left hand)
  e - an uncursed +3 ring of protection (on right hand)
 Wands    ('/')
  B - a wand of digging (0:5)
  t - a wand of enlightenment (0:13)
  c - a wand of fire (0:5)
  K - a wand of lightning (0:4)
  I - a wand of magic missile (0:5)
  Z - a wand of striking (0:0)
 Tools    ('(')
  s - an uncursed sack containing 42 items
  u - a magic marker (0:21)
  o - an uncursed stethoscope
  j - an uncursed towel

Contents of the sack:
  a blessed scroll of amnesia
  2 uncursed scrolls of amnesia
  an uncursed scroll of blank paper
  an uncursed scroll of confuse monster
  an uncursed scroll of create monster
  a blessed scroll of destroy armor
  3 uncursed scrolls of enchant armor
  an uncursed scroll of enchant weapon
  a blessed scroll of fire
  an uncursed scroll of fire
  an uncursed scroll of identify
  a blessed scroll of light
  an uncursed scroll of light
  an uncursed scroll of magic mapping
  a blessed scroll of remove curse
  2 uncursed scrolls of remove curse
  a blessed scroll of stinking cloud
  an uncursed scroll of teleportation
  an uncursed spellbook of clairvoyance
  an uncursed spellbook of create monster
  an uncursed spellbook of cure sickness
  a blessed spellbook of force bolt
  an uncursed spellbook of levitation
  an uncursed spellbook of light
  an uncursed spellbook of sleep
  an uncursed potion of acid
  an uncursed potion of booze
  2 uncursed potions of enlightenment
  a blessed potion of extra healing
  an uncursed potion of extra healing
  an uncursed potion of gain level
  3 uncursed diluted potions of invisibility
  an uncursed potion of levitation
  a blessed potion of monster detection
  2 cursed potions of object detection
  an uncursed potion of paralysis
  an uncursed potion of see invisible
  an uncursed potion of speed
  3 potions of holy water
  an uncursed +1 ring of adornment
  an uncursed ring of cold resistance
  an uncursed mirror

Ackbladder the Wizard's attributes:

Background:
 You were a Thaumaturge, a level 8 female gnomish Wizard.
 You were neutral, on a mission for Thoth
 who was opposed by Ptah (lawful) and Anhur (chaotic).
 You were right-handed.
 You were in the Dungeons of Doom, on level 6.
 You entered the dungeon 13997 turns ago.
 It was the midnight hour.
 You had 2424 experience points, 136 more were needed to attain level 9.

Basics:
 You had 0 out of 57 hit points.
 You had 64 out of 81 energy points (spell power).
 Your armor class was 3.
 Your wallet contained 199 zorkmids.
 Autopickup was off.

Final Characteristics:
 Your strength was 25 (base:10, peak:11, innate limit:18/50).
 Your dexterity was 14 (limit:18).
 Your constitution was 18 (limit:18).
 Your intelligence was 19 (limit:19).
 Your wisdom was 13 (limit:18).
 Your charisma was 10 (limit:18).

Final Status:
 You were held by a rope golem (northwest).
 You were weak from severe hunger.
 You were burdened; movement was slightly slowed.
 You were wielding a dagger.
 You had basic skill with dagger and could have enhanced that.

Final Attributes:
 You were piously aligned.
 You were magic-protected.
 You were poison resistant.
 You were telepathic.
 You had infravision.
 You aggravated monsters.
 You could jump.
 You had a small defense bonus (+3).
 You were guarded.
 You are dead.

Miscellaneous:
 You didn't encounter any bones levels.
 Total elapsed playing time was 1 hour, 16 minutes and 38 seconds.

Major events:
 Turn
    1: Ackbladder the neutral female gnomish Wizard entered the dungeon
  683: attained the rank of Conjurer (level 3)
 5678: was bestowed with Magicbane by Thoth
 5908: attained the rank of Thaumaturge (level 6)
13997: killed by a rope golem, while sleeping

Spells:
 Name                 Level Category     Fail Retention
 force bolt             1   attack        39%   31%-40%
 clairvoyance           3   divination    97%   26%-50%
 create monster         2   clerical      39%   31%-40%
 sleep                  3   enchantment   46%   61%-70%
 light                  1   divination    39%   51%-75%
 levitation             4   escape       100%   51%-75%
 cure sickness          3   healing       97%  76%-100%

Skills:
 Fighting Skills
   bare handed combat [Unskilled]
   riding             [Unskilled]
 Weapon Skills
   dagger             [Basic]
   knife              [Unskilled]
   axe                [Unskilled]
   short sword        [Unskilled]
   club               [Unskilled]
   mace               [Unskilled]
   quarterstaff       [Basic]
   polearms           [Unskilled]
   spear              [Unskilled]
   trident            [Unskilled]
   sling              [Unskilled]
   dart               [Unskilled]
   shuriken           [Unskilled]
 Spellcasting Skills
   attack spells      [Basic]
   healing spells     [Unskilled]
   divination spells  [Unskilled]
   enchantment spells [Basic]
   clerical spells    [Basic]
   escape spells      [Unskilled]
   matter spells      [Unskilled]

Voluntary challenges:
 Character rerolling was not enabled.
 You never genocided any monsters.
 You never polymorphed an object.
 You never changed form.
 You used no wishes.
Achievements:
 You entered a shop.
 You attained the rank of Conjurer.
 You attained the rank of Thaumaturge.

 The Dungeons of Doom: levels 1 to 6
    Level 1:
       A fountain.
    Level 2:
       A ring shop, an altar to Thoth.
    Level 3:
       A general store.
    Level 4:
    Level 5:
       A grave.
    Level 6: <- You were here.
       An altar.
       Final resting place for
          you, killed by a rope golem, while sleeping.


Vanquished creatures:
  4 small mimics
  a quivering blob
  a wolf
 an orc-captain
  3 lizards
  2 dingoes
  3 dogs
  a jaguar
  a blue jelly
  a raven
  a snake
  a human zombie
  a fire ant
 an imp
  4 wood nymphs
  2 water nymphs
  2 mountain nymphs
 16 Mordor orcs
 an orc shaman
  a rock piercer
  a rock mole
  3 fog clouds
  3 yellow lights
  a shrieker
  2 violet fungi
  a gnome leader
  a kobold mummy
  3 gray oozes
 an elf zombie
  a ghoul
  a straw golem
  7 giant ants
 10 floating eyes
  a kitten
  a dwarf
  7 homunculi
  2 kobold leaders
  a kobold shaman
  3 rothes
  3 centipedes
  4 giant bats
  a monkey
 an orc zombie
  2 dwarf zombies
  2 wererats
  a werejackal
 10 iguanas
  3 killer bees
  3 acid blobs
  7 coyotes
  4 gas spores
  4 hobbits
  7 manes
  3 large kobolds
  4 hobgoblins
  8 giant rats
  9 cave spiders
  2 brown molds
  2 yellow molds
  2 green molds
  a red mold
  2 gnome zombies
 11 geckos
  8 jackals
  3 foxes
  2 kobolds
  2 sewer rats
 20 grid bugs
  3 bats
 11 lichens
  3 kobold zombies
 18 newts
264 creatures vanquished.

No species were genocided or became extinct.

Game over:
                       ----------
                      /          \
                     /    REST    \
                    /      IN      \
                   /     PEACE      \
                  /                  \
                  |    Ackbladder    |
                  |      199 Au      |
                  | killed by a rope |
                  |      golem       |
                  |                  |
                  |                  |
                  |       2026       |
                 *|     *  *  *      | *
        _________)/\\_//(\/(/\)/\//\/|_)_______

Goodbye Ackbladder the Wizard...

You died in The Dungeons of Doom on dungeon level 6 with 10146 points,
and 199 pieces of gold, after 13997 moves.
You were level 8 with a maximum of 57 hit points when you died.

